 Dungeon Crawl Stone Soup version 0.29-a0-234-g0dae59b3db (webtiles) character file.

Game seed: 1782132667990598510

98 siradein the Grave Robber (level 4, 0/33 HPs)
             Began as a Draconian Necromancer on Mar 3, 2022.
             Slain by an orc priest
             ... wielding a +0 trident
              (6 damage)
             ... on level 3 of the Dungeon.
             The game lasted 00:03:54 (2904 turns).

siradein the Grave Robber (Draconian Necromancer)   Turns: 2904, Time: 00:03:54

Health: 0/33       AC:  5    Str: 10    XL:     4   Next: 44%
Magic:  7/9        EV: 12    Int: 18    God:
Gold:   86         SH:  0    Dex: 11    Spells: 5/9 levels left

rFire   . . .      SeeInvis .   i - +0 flail
rCold   . . .      Faith    .   (no shield)
rNeg    . . .      Spirit   .   (body armour unavailable)
rPois   .          Reflect  .   (helmet restricted)
rElec   .          Harm     .   (no cloak)
rCorr   .          Rampage  .   (no gloves)
Will    .....                   (no boots)
Stlth   ++........              (no amulet)
HPRegen 0.11/turn               (no ring)
MPRegen 0.11/turn               (no ring)

@: no status effects
A: AC +5, unfitting armour, cold-blooded
a: no special abilities


You were on level 3 of the Dungeon.
You visited 1 branch of the dungeon, and saw 3 of its levels.

You collected 86 gold pieces.

Inventory:

Hand Weapons
 i - a +0 flail (weapon)
Missiles
 c - 2 throwing nets
Scrolls
 b - a scroll of identify {unknown}
 e - a scroll of vulnerability {unknown}
 f - a scroll of noise {unknown}
 g - a scroll of blinking {unknown}
 l - a scroll of teleportation {unknown}
Potions
 a - a potion of magic {unknown}
 d - a potion of mutation {unknown}
 h - a potion of might {unknown}
 j - a potion of degeneration {unknown}
 k - a potion of invisibility {unknown}


   Skills:
 - Level 1.7 Dodging
 - Level 1.7 Stealth
 + Level 3.4 Spellcasting
 + Level 5.0 Necromancy


You had 5 spell levels left.
You knew the following spells:

 Your Spells              Type           Power      Damage    Failure   Level
a - Pain                  Necr           84%        1d8       1%          1
b - Vampiric Draining     Necr           21%        2d7       6%          3

Your spell library contained the following spells:

 Spells                   Type           Power      Damage    Failure   Level
 Animate Skeleton         Necr           42%        N/A       1%          1
 Animate Dead             Necr           10%        N/A       19%         4
 Agony                    Necr           21%        N/A       47%         5


Dungeon Overview and Level Annotations

Branches:
Dungeon (3/15)

Altars:

Shops:
D:2 (


Innate Abilities, Weirdness & Mutations

Your plain brown scales are hard. (AC +5)
You cannot fit into any form of body armour.
You are cold-blooded and may be slowed by cold attacks.


Message History

Found a club.
Found 26 stones.
A hobgoblin comes into view.
The hobgoblin shouts!
The hobgoblin writhes in agony.
You kill the hobgoblin!
Found a stone staircase leading down.
An orc and an orc wizard come into view.
The orc wizard is wielding a +2 dagger of electrocution.
The orc shouts!
The orc writhes in agony.
The orc wizard casts a spell.
The orc wizard flickers and vanishes!
Deactivating autopickup; reactivate with Ctrl-A.
The orc writhes in agony.
You kill the orc!
An orc priest comes into view. It is wielding a +0 trident.
You are confused.
The orc priest shouts!
You bump into the rock wall.
You feel less confused.
You start resting.
HP restored.
Something hits you.
Something writhes in agony.
Something hits you.
The orc priest hits you but does no damage.
Something writhes in agony.
You hear some strange, mumbled words.
You are confused.
The orc priest calls down the wrath of Beogh upon you.
The orc priest begins to cast a cantrip, but forgets the words!
You're too confused to move!
Something hits you.
You bump into the rock wall.
Something hits you.
You are electrocuted!
The orc priest hits you from afar with a +0 trident.
* * * LOW HITPOINT WARNING * * *
You bump into the rock wall.
Something hits you.
* * * LOW HITPOINT WARNING * * *
The orc priest hits you but does no damage.
You feel less confused.
The orc priest hits you from afar with a +0 trident.
You die...

####### ##############
#.....# #............#
#.....# #............#
#.....# #.(..........#
#.....# #......†.....#
#.....#
#............#######.....####
#..............@.o...........
#.............######.....####
###.#####.###.######.....#
#.#####.#.........######
#.....#....>.........)o..
#####.###.........#####..
########.# ###########
#........### #.............).


You could see an orc priest.

Vanquished Creatures
  3 gnolls (D:2)
  4 adders (D:2)
  A dart slug (D:1)
  An orc (D:3)
  5 ball pythons
  A giant cockroach (D:1)
  5 goblins
  2 hobgoblins
  A quokka (D:2)
  3 bats (D:1)
  4 frilled lizards
  4 kobolds
  A rat (D:3)
35 creatures vanquished.

Notes
Turn   | Place    | Note
-------+----------+-------------------------------------------
     0 | D:1      | siradein the Draconian Necromancer began the quest for the
                  | Orb.
     0 | D:1      | Reached XP level 1. HP: 14/14 MP: 3/3
   531 | D:1      | Reached XP level 2. HP: 17/20 MP: 0/5
  1696 | D:2      | Reached XP level 3. HP: 19/26 MP: 0/7
  1700 | D:2      | Learned a level 3 spell: Vampiric Draining
  1823 | D:2      | Found Kaofax's Antique Weapon Shoppe.
  2174 | D:2      | Found a faded altar of an unknown god.
  2196 | D:2      | Reached XP level 4. HP: 27/33 MP: 3/8
  2537 | D:2      | Reached skill level 5 in Necromancy
  2904 | D:3      | Slain by an orc priest

Illustrated notes

Levels and vault maps discovered:
D:1:      lemuel_arrival_tunnels, layout_basic,
          nicolae_concentric_dashed_squares_mild
D:2:      layout_loops_corners, nicolae_ecumenical_snake_handling, serial_shops,
          shop
D:3:      layout_basic

Skill      XL: |  1  2  3  4 |
---------------+-------------+-----
Spellcasting   | 3 |  3.4
Necromancy     | 5 |  5.0
Dodging        | |  1.7
Stealth        | |  1.7

Action                   |  1- 3 |  4- 6 || total
-------------------------+-------+-------++-------
Melee: Flail             |       |     5 ||     5
       Tailslap          |       |     1 ||     1
 Cast: Pain              |    52 |    15 ||    67
Armor: Skin              |       |     5 ||     5
Dodge: Dodged            |     7 |     5 ||    12

Table legend: (Time is in decaauts)
 A = Elapsed time spent in this place.
 B = Non-inter-level travel time spent in this place.
 C = Inter-level travel time spent in this place.
 D = Time resting spent in this place.
 E = Time spent auto-exploring this place.
 F = Levels seen in this place.
 G = Mean time per level.
                   A        B        C        D        E       F      G
               +--------+--------+--------+--------+--------+-----+--------+
         Total |   2905 |   2839 |     66 |      0 |   2598 |   3 |  968.3 |
       Dungeon |   2905 |   2839 |     66 |      0 |   2598 |   3 |  968.3 |
               +--------+--------+--------+--------+--------+-----+--------+

Top non-repeatable levels by time:
     D:2: 1407 daAuts
     D:1: 1392 daAuts
     D:3: 105 daAuts
